 Dungeon Crawl Stone Soup version 0.29.1-1-gd02db6906a (webtiles) character file.

Game seed: 11342129721608840939

118 EvilAshe the Chiller (level 4, -2/18 HPs)
             Began as a Felid Ice Elementalist on Oct 2, 2022.
             Slain by a hound (4 damage)
             ... on level 4 of the Dungeon.
             The game lasted 00:07:59 (4632 turns).

EvilAshe the Chiller (Felid Ice Elementalist)       Turns: 4632, Time: 00:07:59

Health: -2/18      AC:  1    Str:  4    XL:     4   Next: 72%
Magic:  5/9        EV: 23    Int: 19    God:
Gold:   172        SH:  0    Dex: 16    Spells: 5/9 levels left
                                        Lives:  0   Deaths: 1

rFire   . . .      SeeInvis +   (weapon unavailable)
rCold   . . .      Faith    .   (shield unavailable)
rNeg    . . .      Spirit   .   (body armour unavailable)
rPois   +          Reflect  .   (helmet unavailable)
rElec   .          Harm     .   (cloak unavailable)
rCorr   .          Rampage  .   (gloves unavailable)
Will    .....                   (boots unavailable)
Stlth   ++........              (no amulet)
HPRegen 0.06/turn               t - ring of poison resistance
MPRegen 0.11/turn               u - +4 ring of evasion

@: marked, very slightly contaminated, quick
A: very small, claws 1, fangs 3, see invisible, speed 1, shaggy fur 1, stealthy
paws, no weapons or thrown items, no armour, multi-lived
a: no special abilities


You were on level 4 of the Dungeon.
You visited 1 branch of the dungeon, and saw 4 of its levels.
You also visited: Ossuary.

You collected 172 gold pieces.

Inventory:

Jewellery
 t - a ring of poison resistance (left paw)
 u - a +4 ring of evasion (right paw)
Wands
 k - a wand of flame (3)
 l - a wand of digging (1)
 r - a wand of paralysis (9)
Scrolls
 c - 2 scrolls of identify {unknown}
 d - a scroll of vulnerability {unknown}
 e - a scroll of amnesia {unknown}
 m - 2 scrolls of teleportation {unknown}
 p - a scroll of enchant weapon {unknown}
 q - a scroll of poison {unknown}
 s - a scroll of noise {unknown}
Potions
 a - a potion of magic
 b - a potion of curing {unknown}
 f - a potion of flight {unknown}
 g - 2 potions of brilliance {unknown}
 h - a potion of heal wounds {unknown}
 i - a potion of attraction {unknown}
 j - a potion of mutation {unknown}
 n - a potion of lignification {unknown}
 o - a potion of degeneration {unknown}


   Skills:
 + Level 4.6 Dodging
 - Level 2.6 Stealth
 + Level 3.2 Spellcasting
 * Level 5.2 Ice Magic


You had 5 spell levels left.
You knew the following spells:

 Your Spells              Type           Power      Damage    Failure   Level
a - Freeze                Ice            92%        1d10      1%          1
b - Frozen Ramparts       Ice            46%        1d7       5%          3

Your spell library contained the following spells:

 Spells                   Type           Power      Damage    Failure   Level
 Ozocubu's Armour         Ice            23%        N/A       5%          3
 Hailstorm                Conj/Ice       13%        3d5       45%         4
 Olgreb's Toxic Radiance  Pois           3%         N/A       83%         4
 Ozocubu's Refrigeration  Ice            11%        4d10      100%        7
 Ignition                 Fire           1%         3d3       100%        8


Dungeon Overview and Level Annotations

Branches:
Dungeon (4/15)            Ossuary (visited)
 Temple: D:4-7

Altars:

Shops:
D:2 *

Annotations:
D:4 Pikel


Innate Abilities, Weirdness & Mutations

You have sharp claws.
You have razor-sharp teeth.
You have supernaturally acute eyesight. (SInv)
You cover ground quickly. (Speed+)
You are covered in fur. (AC +1)
Your paws help you pounce on unaware monsters.
You are incapable of wielding weapons or throwing items.
You cannot wear armour.
You gain extra lives every three experience levels.


Message History

The centaur zombie kicks you.
* * * LOW HITPOINT WARNING * * *
The centaur zombie hits you but does no damage.
The centaur zombie misses you.
Welcome back to the Dungeon!
Level annotation: Pikel
There is a collapsed entrance here.
Casting: Freeze (safe; 1% risk of failure)
Confirm with . or Enter, or press ? or * to list all spells.
Aiming: Freeze (safe; 1% risk of failure)
Press: ? - help, Shift-Dir - straight line, f - mummy
Aim: a mummy You freeze the mummy.
The mummy resists.
The mummy is moderately damaged.
The mummy barely misses you.
Casting: Freeze (safe; 1% risk of failure)
Confirm with . or Enter, or press ? or * to list all spells.
Aiming: Freeze (safe; 1% risk of failure)
Press: ? - help, Shift-Dir - straight line, f/p - mummy
Aim: a mummy (moderately damaged)
You freeze the mummy.
The mummy resists.
The mummy is heavily damaged.
The hound misses you. The hound closely misses you.
Casting: Freeze (safe; 1% risk of failure)
Confirm with . or Enter, or press ? or * to list all spells.
Aiming: Freeze (safe; 1% risk of failure)
Press: ? - help, Shift-Dir - straight line, f/p - mummy
Aim: a mummy (heavily damaged)
You miscast Freeze.
You are very lightly contaminated with residual magic.
Nothing appears to happen.
The hound misses you. The mummy misses you.
Casting: Freeze (safe; 1% risk of failure)
Confirm with . or Enter, or press ? or * to list all spells.
Aiming: Freeze (safe; 1% risk of failure)
Press: ? - help, Shift-Dir - straight line, f/p - mummy
Aim: a mummy (heavily damaged)
You freeze the mummy.
The mummy resists.
The mummy is severely damaged.
The hound bites you.
You die...

## ### #.
##.## ..
#.##h@.# .<.
.. #..'#M## ..
... ##..###
h#.##.#
##..#.?##.....
#.h.h.##...#
#.####.....#
#..)......###
#####.#..w#)#
#.#..##.## ##


You could see a mummy and a hound.

Vanquished Creatures
  A hound (D:4)
  Terence (D:2)
  Jessica (D:2)
  Robin (D:3)
  4 adders
  A gnoll (D:3)
  3 worms (D:3)
  6 orcs
  3 ball pythons
  2 endoplasms
  2 giant cockroaches
  13 goblins
  11 hobgoblins
  5 jackals
  3 quokkas (D:1)
  6 bats
  A frilled lizard (D:1)
  2 kobolds
  6 rats
72 creatures vanquished.

Notes
Turn   | Place    | Note
-------+----------+-------------------------------------------
     0 | D:1      | EvilAshe the Felid Ice Elementalist began the quest for the
                  | Orb.
     0 | D:1      | Reached XP level 1. HP: 7/7 MP: 4/4
   899 | D:1      | Reached XP level 2. HP: 6/11 MP: 4/6
  1077 | D:1      | Found a faded altar of an unknown god.
  1758 | D:2      | Reached skill level 4 in Ice Magic
  1971 | D:2      | Identified the +6 dagger of Youthful Indiscretion {speed,
                  | rElec rCorr}
  2198 | D:2      | Found Afasch Kodd's Assorted Antiques.
  2287 | D:2      | Noticed Jessica
  2650 | D:2      | Reached XP level 3. HP: 14/14 MP: 7/7
  2654 | D:2      | Learned a level 3 spell: Frozen Ramparts
  2840 | D:2      | Killed Jessica
  3014 | D:2      | Reached XP level 4. HP: 18/18 MP: 3/8
  3105 | D:2      | Noticed Terence
  3127 | D:2      | Killed Terence
  3948 | D:3      | Reached XP level 5. HP: 16/21 MP: 7/10
  4106 | D:3      | Noticed Robin
  4125 | D:3      | Killed Robin
  4229 | D:4      | Reached skill level 5 in Ice Magic
  4510 | D:4      | Noticed a lemure
  4511 | D:4      | Noticed Pikel
  4511 | D:4      | Noticed a lemure
  4597 | D:4      | Found a sand-covered staircase.
  4601 | Ossuary  | Entered an ossuary
  4614 | Ossuary  | Slain by a centaur zombie
  4615 | Ossuary  | Reached XP level 4. HP: 0/18 MP: 4/9
  4632 | D:4      | Slain by a hound

Illustrated notes

Levels and vault maps discovered:
D:1:      pf_arrival_petrified_forest, layout_basic,
          ebering_ecumenical_altar_box
D:2:      layout_basic, serial_shops, shop, guppyfry_early_orc_mine,
          uniq_jessica, uniq_terence
D:3:      layout_basic, minivault_14, minmay_fractal_squares_5, uniq_robin
D:4:      layout_rooms, minmay_temple_entry_glass, enter_ossuary_5,
          minmay_misc_feat_columns, interstate_on_off, minmay_unequal,
          uniq_pikel, uniq_edmund

Skill      XL: |  1  2  3  4  5 |
---------------+----------------+-----
Dodging        | 3 4 |  4.6
Ice Magic      | 4 5 |  5.2
Spellcasting   | 3 |  3.2
Stealth        | |  2.6

Action                   |  1- 3 |  4- 6 || total
-------------------------+-------+-------++-------
Melee: Unarmed           |    22 |    12 ||    34
       Bite              |       |     2 ||     2
 Cast: Freeze            |    45 |    81 ||   126
 Stab: Sleeping          |     6 |     5 ||    11
Armor: Skin              |     2 |     3 ||     5
Dodge: Dodged            |    34 |    77 ||   111
